AoeStats
← andrewcarnegiehill_2006

Arena

510230856Analyzed
4v4 RM · 2d ago on Sep 30, 2026· 43m 17s· 8 players
Game mode
Random Map
Map size
Large (8 player)
Population
200
Speed
Normal
Resources
Standard
Victory
Conquest
Starting age
Dark Age
Ending age
Imperial Age
RankedLock teamsTeams togetherTeam positionsShared explorationLock speedFull tech treeHidden civsTurbo modeCheats
Victory
Defeat
🇨🇳 Goths · China
1174
+15
🇲🇽 Khmer · Mexico
1096
+19
🇵🇪 Spanish · Peru
1094
+19
🇫🇷 Turks · France
1083
+19
🇺🇸 Lithuanians · United States
1306
-25
🇲🇽 Celts · Mexico
1138
-17
🇲🇽 Magyars · Mexico
1129
-17
🇨🇱 Burmese · Chile
1042
-13
francis le tueur
12:07 Feudal Age
14:06 Double-Bit Axe
14:04 Horse Collar
14:35 Gold Mining
17:02 Castle Age
21:16 Imperial Age
19:24 Padded Archer Armor
20:56 Leather Archer Armor
22:33 Ring Archer Armor
37:38 Ballistics
39:14 Fortified Wall
39:15 Masonry
38:46 Treadmill Crane
39:47 Wheelbarrow
39:16 Heavy Plow
39:54 Gold Shaft Mining
39:31 Bow Saw
andrewcarnegiehill_2006
11:54 Feudal Age
15:19 Castle Age
13:17 Double-Bit Axe
13:56 Horse Collar
23:27 Loom
31:47 Imperial Age
30:01 Heavy Plow
30:15 Bow Saw
30:12 Light Cavalry
31:02 Bloodlines
30:52 Husbandry
32:17 Gold Mining
32:17 Stone Mining
34:06 Crop Rotation
34:23 Double Crossbow
37:06 Gold Shaft Mining
37:07 Stone Shaft Mining
36:42 Scale Barding Armor
36:48 Forging
36:28 Fletching
37:01 Conscription
38:57 Chain Barding Armor
39:13 Iron Casting
39:32 Wheelbarrow
38:43 Town Watch
38:47 Hussar
41:33 Hand Cart
41:19 Town Patrol
41:58 Plate Barding Armor
42:24 Blast Furnace
41:19 Bodkin Arrow
42:20 Elite Ballista Elephant
44:10 Chemistry
43:15 Siege Engineers
Light
10:18 Feudal Age
15:18 Castle Age
14:23 Double-Bit Axe
14:59 Loom
16:58 Fletching
23:07 Bow Saw
31:03 Imperial Age
29:32 Padded Archer Armor
30:46 Wheelbarrow
29:57 Town Watch
30:10 Town Watch
30:45 Leather Archer Armor
33:06 Bloodlines
32:57 Husbandry
33:40 Husbandry
34:10 Horse Collar
37:04 Ring Archer Armor
42:14 Hand Cart
HEADUP
2:52 Loom
11:01 Feudal Age
12:13 Double-Bit Axe
14:46 Castle Age
12:52 Horse Collar
15:49 Heavy Plow
22:50 Wheelbarrow
23:36 Bow Saw
23:25 Gold Mining
28:38 Imperial Age
26:34 Town Watch
27:34 Scale Mail Armor
27:44 Forging
27:45 Treadmill Crane
29:05 Hand Cart
29:13 Chain Mail Armor
29:30 Squires
30:17 Iron Casting
29:53 Town Patrol
30:02 Perfusion
30:23 Conscription
31:19 Conscription
31:18 Anarchy
30:59 Pikeman
33:14 Blast Furnace
32:44 Elite Huskarl
33:37 Halberdier
35:46 Fletching
35:57 Padded Archer Armor
36:59 Chemistry
36:19 Ballistics
36:11 Masonry
35:58 Elite Skirmisher
37:38 Bodkin Arrow
37:59 Leather Archer Armor
37:36 Man-at-Arms
39:41 Crop Rotation
38:35 Long Swordsman
40:38 Two-Handed Swordsman
CMD_perrito fiu fiu
11:10 Feudal Age
16:03 Castle Age
14:15 Stone Mining
14:12 Double-Bit Axe
14:14 Horse Collar
15:00 Loom
27:14 Murder Holes
28:14 Heavy Plow
29:59 Wheelbarrow
30:13 Bow Saw
30:25 Corvinian Army
30:22 Gold Mining
31:35 Scale Barding Armor
33:42 Chain Barding Armor
33:27 Elite Skirmisher
34:29 Fletching
35:10 Bodkin Arrow
34:46 Pikeman
36:42 Bloodlines
Joe CMD
11:29 Feudal Age
15:24 Castle Age
15:38 Scale Mail Armor
15:59 Loom
16:52 Chain Mail Armor
16:49 Forging
20:23 Fletching
21:37 Double-Bit Axe
26:24 Padded Archer Armor
26:20 Bodkin Arrow
27:22 Town Watch
29:08 Wheelbarrow
28:34 Town Patrol
30:17 Leather Archer Armor
30:52 Bow Saw
30:35 Gold Mining
32:18 Horse Collar
37:01 Imperial Age
34:03 Elite Skirmisher
35:50 Iron Casting
36:49 Ballistics
38:05 Hand Cart
CMD_negroterrazas
9:28 Loom
11:30 Feudal Age
14:43 Bloodlines
16:38 Castle Age
21:37 Padded Archer Armor
24:02 Husbandry
27:47 Scale Barding Armor
30:16 Horse Collar
30:52 Bloodlines
33:39 Forging
33:50 Chain Barding Armor
35:47 Iron Casting
37:31 Fortified Wall
38:40 Manipur Cavalry
CMD_Zurac
11:51 Feudal Age
13:21 Double-Bit Axe
13:20 Horse Collar
15:43 Castle Age
16:44 Bow Saw
17:41 Wheelbarrow
17:19 Loom
19:59 Sanctity
21:12 Fervor
21:22 Hand Cart
22:30 Heavy Plow
28:04 Imperial Age
25:59 Stone Mining
27:33 Scale Barding Armor
27:38 Forging
28:46 Chain Barding Armor
28:24 Elite Skirmisher
29:57 Iron Casting
30:33 Chemistry
29:50 Padded Archer Armor
30:53 Stone Shaft Mining
31:36 Leather Archer Armor
31:58 Plate Barding Armor
31:13 Fletching
31:46 Treadmill Crane
32:40 Tower Shields
33:01 Conscription
32:49 Elite Leitis
35:01 Ring Archer Armor
34:32 Bodkin Arrow
36:26 Bracer
37:18 Gold Mining
38:00 Thumb Ring
39:43 Ballistics
Connection lost

Rejoining the realm…

Still unreachable

The connection could not be restored.

Session expired

The server has moved on; the page needs a fresh start.